 Dungeon Crawl Stone Soup version 0.26.1-2-gb8aa6d0cf2 (webtiles) character file.

Game seed: 8127287247554520109

1018 0gre the Chiller (level 8, -16/58 HPs)
             Began as a Gnoll Ice Elementalist on Mar 17, 2021.
             Demolished by a boulder beetle (34 damage)
             ... on level 6 of the Dungeon on Mar 18, 2021.
             The game lasted 00:34:15 (5857 turns).

0gre the Chiller (Gnoll Ice Elementalist)           Turns: 5857, Time: 00:34:16

Health: -16/58     AC:  6    Str: 11    XL:     8   Next: 22%
Magic:  16/16      EV: 15    Int: 20    God:
Gold:   447        SH:  0    Dex: 15    Spells: 10/18 levels left

rFire    . . .     SeeInvis .   a - +0 war axe
rCold    . . .     Faith    .   (no shield)
rNeg     . . .     Spirit   .   F - +0 robe
rPois    .         Reflect  .   m - +1 helmet
rElec    .         Harm     .   l - +0 cloak
rCorr    .         Rampage  .   q - +0 pair of gloves
Will     .....                  (no boots)
Stlth    +++.......             x - amulet of regeneration
HPRegen  0.59/turn              (no ring)
MPRegen  0.15/turn              (no ring)

@: about to teleport
A: distributed training, fangs 1, strong nose
a: no special abilities


You were on level 6 of the Dungeon.
You visited 1 branch of the dungeon, and saw 6 of its levels.
You also visited: Sewer.

You collected 447 gold pieces.

Inventory:

Hand Weapons
 a - a +0 war axe (weapon)
 b - a +0 hunting sling
 c - a +0 mace of holy wrath
 d - a +0 spear
Missiles
 e - 33 sling bullets
 j - 270 stones
 k - 57 arrows
 n - 14 javelins
 r - 2 curare-tipped darts (quivered)
 z - 22 bolts
 B - 9 poisoned darts
 I - 7 boomerangs
Armour
 l - a +0 cloak (worn)
 m - a +1 helmet (worn)
 q - a +0 pair of gloves (worn)
 D - a +0 ring mail of cold resistance
 F - a +0 robe (worn)
Jewellery
 x - an amulet of regeneration (around neck)
Wands
 s - a wand of flame (20)
 C - a wand of disintegration (10)
 E - a wand of paralysis (5)
Scrolls
 h - 6 scrolls of remove curse
 i - 2 scrolls of fear
 t - 4 scrolls of teleportation
 u - 3 scrolls of blinking
 v - a scroll of amnesia
 y - a scroll of fog
Potions
 f - a potion of resistance
 g - 3 potions of curing
 o - a potion of degeneration {unknown}
 p - a potion of magic {unknown}
 A - a potion of berserk rage {unknown}
 G - a potion of brilliance {unknown}
 H - 2 potions of invisibility {unknown}


   Skills:
 + Level 3.1 Fighting
 + Level 3.1 Short Blades
 + Level 3.1 Long Blades
 + Level 3.1 Axes
 + Level 3.1 Maces & Flails
 + Level 3.1 Polearms
 + Level 3.1 Staves
 + Level 3.1 Slings
 + Level 3.1 Bows
 + Level 3.1 Crossbows
 + Level 3.1 Throwing
 + Level 3.1 Armour
 + Level 5.5 Dodging
 + Level 5.2 Stealth
 + Level 3.1 Shields
 + Level 3.1 Unarmed Combat
 + Level 5.9 Spellcasting
 + Level 2.5 Conjurations
 + Level 2.5 Hexes
 + Level 2.5 Summonings
 + Level 2.5 Necromancy
 + Level 2.5 Translocations
 + Level 2.5 Transmutations
 + Level 2.5 Fire Magic
 + Level 7.6 Ice Magic
 + Level 2.5 Air Magic
 + Level 2.5 Earth Magic
 + Level 2.5 Poison Magic
 + Level 3.4 Invocations
 + Level 3.1 Evocations


You had 10 spell levels left.
You knew the following spells:

 Your Spells              Type           Power        Failure   Level
a - Freeze                Ice            100%         1%          1
b - Frozen Ramparts       Ice            72%          1%          3
c - Summon Ice Beast      Ice/Summ       26%          13%         4

Your spell library contained the following spells:

 Spells                   Type           Power        Failure   Level
 Ozocubu's Armour         Ice            36%          1%          3
 Hailstorm                Conj/Ice       26%          13%         4


Dungeon Overview and Level Annotations

Branches:
Dungeon (6/15)              Sewer (visited)
 Temple: D:4-7

Altars:
The Shining One

Shops:
D:5 [


Innate Abilities, Weirdness & Mutations

Your experience applies equally to all skills.
You have very sharp teeth.
Your uncanny sense of smell can sniff out nearby items.


Message History

The adder zombie bites you but does no damage.
The adder zombie bites you.
* * * LOW HITPOINT WARNING * * *
You hit the adder zombie.
The adder zombie is severely damaged.
The adder zombie barely misses you.
You barely miss the adder zombie.
The adder zombie is severely damaged.
The adder zombie barely misses you. The adder zombie bites you.
* * * LOW HITPOINT WARNING * * *
You hit the adder zombie but do no damage.
The adder zombie is severely damaged.
The boulder beetle bites you.
* * * LOW HITPOINT WARNING * * *
A white ugly thing comes into view.
The boulder beetle curls into a ball and begins rolling!
As you read the scroll of teleportation, it crumbles to dust.
You feel strangely unstable. The boulder beetle hits you!!
Ouch! That really hurt!
You die...

##.(.........
#....#○..#...#
##########...#[#...#.#
........)...#...#...#...
#########.#.....Z.......
#.##....########
#.#u....'.Z....##
#.#.....####....###
#.#.#...@B○Z........
#.#....####.........
#.###### #.##+#....
#.###.# #.# .... #.....#
#.# ... #..##.# #.# ..
####..##.# #.#
#........# #.#
#........#


You could see a boulder beetle, a white ugly thing (wandering) and an adder
zombie.

Vanquished Creatures
  Grinder (D:5)
  A necrophage (D:6)
  The ghost of noodleboyJ the Chopper, an amateur DrWn (D:3)
  A bullfrog (Sewer)
  A wight (D:6)
  A quasit (D:6)
  2 hounds
  An iguana (D:4)
  3 worker ants
  A hound skeleton (D:6)
  Robin (D:2)
  12 adders
  A gnoll (D:1)
  An ufetubus (D:6)
  8 oozes
  An adder skeleton (D:3)
  2 worms
  3 dart slugs
  9 leopard geckos
  5 orcs
  14 giant cockroaches
  16 goblins
  10 hobgoblins
  5 jackals
  12 kobolds
  4 quokkas
  19 ball pythons
  5 bats
  10 frilled lizards
  12 rats
163 creatures vanquished.

Notes
Turn   | Place    | Note
-------+----------+-------------------------------------------
     0 | D:1      | 0gre the Gnoll Ice Elementalist began the quest for the
                  | Orb.
     0 | D:1      | Reached XP level 1. HP: 13/13 MP: 6/6
   294 | D:1      | Reached XP level 2. HP: 19/19 MP: 5/7
   938 | D:1      | Reached XP level 3. HP: 24/25 MP: 9/9
   943 | D:1      | Learned a level 3 spell: Frozen Ramparts
   965 | D:1      | Reached skill level 5 in Spellcasting
  1115 | D:1      | Reached skill level 1 in Invocations
  1478 | D:2      | Reached skill level 1 in Fighting
  1478 | D:2      | Reached skill level 1 in Short Blades
  1478 | D:2      | Reached skill level 1 in Long Blades
  1478 | D:2      | Reached skill level 1 in Axes
  1478 | D:2      | Reached skill level 1 in Maces & Flails
  1478 | D:2      | Reached skill level 1 in Polearms
  1478 | D:2      | Reached skill level 1 in Staves
  1478 | D:2      | Reached skill level 1 in Slings
  1478 | D:2      | Reached skill level 1 in Bows
  1478 | D:2      | Reached skill level 1 in Crossbows
  1478 | D:2      | Reached skill level 1 in Throwing
  1478 | D:2      | Reached skill level 1 in Armour
  1478 | D:2      | Reached skill level 1 in Shields
  1478 | D:2      | Reached skill level 1 in Unarmed Combat
  1478 | D:2      | Reached skill level 1 in Evocations
  1515 | D:2      | Reached XP level 4. HP: 10/32 MP: 11/11
  1994 | D:2      | Noticed Robin
  2008 | D:2      | Killed Robin
  2009 | D:2      | Reached skill level 1 in Conjurations
  2009 | D:2      | Reached skill level 1 in Hexes
  2009 | D:2      | Reached skill level 1 in Summonings
  2009 | D:2      | Reached skill level 1 in Necromancy
  2009 | D:2      | Reached skill level 1 in Translocations
  2009 | D:2      | Reached skill level 1 in Transmutations
  2009 | D:2      | Reached skill level 1 in Fire Magic
  2009 | D:2      | Reached skill level 1 in Air Magic
  2009 | D:2      | Reached skill level 1 in Earth Magic
  2009 | D:2      | Reached skill level 1 in Poison Magic
  2413 | D:3      | Found a transporter.
  2413 | D:3      | Noticed noodleboyJ's ghost (amateur DrWn)
  2417 | D:3      | Found a transporter.
  2573 | D:3      | Reached XP level 5. HP: 37/37 MP: 12/12
  2985 | D:3      | Killed noodleboyJ's ghost
  3104 | D:4      | Found a glowing golden altar of the Shining One.
  3125 | D:4      | Reached XP level 6. HP: 14/44 MP: 9/13
  3482 | D:4      | Reached skill level 5 in Dodging
  3915 | D:5      | Entered Level 5 of the Dungeon
  4015 | D:5      | Found a glowing drain.
  4022 | Sewer    | Entered a sewer
  4297 | Sewer    | Reached XP level 7. HP: 50/50 MP: 11/15
  4470 | D:5      | Found Gaytun's Armour Boutique.
  5175 | D:5      | Noticed Grinder
  5187 | D:5      | Killed Grinder
  5188 | D:5      | Reached skill level 5 in Stealth
  5619 | D:5      | Learned a level 4 spell: Summon Ice Beast
  5659 | D:6      | Reached XP level 8. HP: 57/57 MP: 12/16
  5828 | D:6      | Noticed a boulder beetle
  5855 | D:6      | Noticed a white ugly thing
  5857 | D:6      | Demolished by a boulder beetle

Illustrated notes

Levels and vault maps discovered:
D:1:      dpeg_arrival_boxorama, layout_basic, minmay_cut_off
D:2:      layout_rooms, uniq_robin
D:3:      layout_basic, gammafunk_ghost_arena, chequers_avenue
D:4:      layout_loops_ring, lemuel_doored_altar,
          hangedman_abyss_or_decor_passed
D:5:      layout_layer_cave, cheibrodos_sewer_entry_drain, serial_shops, shop,
          kennysheep_generic_room_11, uniq_grinder
D:6:      cheibrodos_fzero, layout_basic, uniq_maggie

Skill      XL: |  1  2  3  4  5  6  7  8 |
---------------+-------------------------+-----
Spellcasting   | 5 |  5.9
Invocations    | 1 2 3 |  3.4
Fighting       | 1 2 3 |  3.1
Short Blades   | 1 2 3 |  3.1
Long Blades    | 1 2 3 |  3.1
Axes           | 1 2 3 |  3.1
Maces & Flails | 1 2 3 |  3.1
Polearms       | 1 2 3 |  3.1
Staves         | 1 2 3 |  3.1
Slings         | 1 2 3 |  3.1
Bows           | 1 2 3 |  3.1
Crossbows      | 1 2 3 |  3.1
Throwing       | 1 2 3 |  3.1
Armour         | 1 2 3 |  3.1
Shields        | 1 2 3 |  3.1
Unarmed Combat | 1 2 3 |  3.1
Evocations     | 1 2 3 |  3.1
Conjurations   | 1 2 |  2.5
Hexes          | 1 2 |  2.5
Summonings     | 1 2 |  2.5
Necromancy     | 1 2 |  2.5
Translocations | 1 2 |  2.5
Transmutations | 1 2 |  2.5
Fire Magic     | 1 2 |  2.5
Air Magic      | 1 2 |  2.5
Earth Magic    | 1 2 |  2.5
Poison Magic   | 1 2 |  2.5
Dodging        | 5 |  5.5
Stealth        | 5 |  5.2
Ice Magic      | |  7.6

Action                   |  1- 3 |  4- 6 |  7- 9 || total
-------------------------+-------+-------+-------++-------
Melee: Dagger            |    22 |       |       ||    22
       Mace              |    17 |     9 |     3 ||    29
       Flail             |    23 |   114 |    15 ||   152
       Bite              |     2 |     9 |       ||    11
       War axe           |       |       |    34 ||    34
       Punch             |       |       |     2 ||     2
 Fire: Hunting sling     |       |    60 |    43 ||   103
Throw: Dart              |       |    22 |       ||    22
       Stone             |       |     4 |       ||     4
 Cast: Freeze            |    22 |     5 |       ||    27
       Frozen Ramparts   |     1 |    14 |     9 ||    24
Evoke: Wand              |       |       |     1 ||     1
  Use: Scroll            |       |     8 |     6 ||    14
 Stab: Sleeping          |     6 |     6 |     1 ||    13
       Paralysed         |       |       |     5 ||     5
Armor: Robe              |    10 |    29 |    18 ||    57
Dodge: Dodged            |    58 |   119 |    51 ||   228
